 Dungeon Crawl Stone Soup version 0.28-b1-25-g9875b3fc8c (webtiles) character file.

Game seed: 4748442272255256512

172 Cykl0x the Conjurer (level 5, -8/29 HPs)
             Began as a Gargoyle Conjurer on Feb 1, 2022.
             Mangled by an ogre (12 damage)
             ... on level 4 of the Dungeon.
             The game lasted 00:08:41 (4071 turns).

Cykl0x the Conjurer (Gargoyle Conjurer)             Turns: 4071, Time: 00:08:41

Health: -8/29      AC: 12    Str: 11    XL:     5   Next: 53%
Magic:  1/8        EV: 10    Int: 20    God:
Gold:   75         SH:  0    Dex:  8    Spells: 5/8 levels left

rFire   . . .      SeeInvis .   h - +1 long sword
rCold   . . .      Faith    .   (no shield)
rNeg    + . .      Spirit   .   g - +0 ring mail
rPois   ∞          Reflect  .   (no helmet)
rElec   +          Harm     .   (no cloak)
rCorr   .          Rampage  .   p - +2 pair of gloves
Will    .....                   (no boots)
Stlth   +.........              (no amulet)
HPRegen 0.09/turn               (no ring)
MPRegen 0.11/turn               (no ring)

@: no status effects
A: sickness immunity, AC +4, negative energy resistance 1, electricity
resistance, torment resistance 1, petrification resistance
a: no special abilities


You were on level 4 of the Dungeon.
You visited 1 branch of the dungeon, and saw 4 of its levels.

You collected 145 gold pieces.
You spent 70 gold pieces at shops.

Inventory:

Hand Weapons
 b - a +0 dagger
 c - a +0 short sword
 h - a +1 long sword (weapon)
Armour
 a - a +0 robe
 f - a +0 leather armour
 g - a +0 ring mail (worn)
 p - a +2 pair of gloves (worn)
Jewellery
 n - a ring of ice
Scrolls
 i - 3 scrolls of teleportation
Potions
 d - 2 potions of brilliance
 e - a potion of resistance
 k - 2 potions of heal wounds
 l - a potion of mutation
 m - a potion of magic


   Skills:
 * Level 1.5 Fighting
 - Level 0.4(1.1) Short Blades
 * Level 1.6(1.7) Long Blades
 + Level 1.9 Armour
 + Level 1.7 Dodging
 - Level 2.1 Stealth
 + Level 2.3 Spellcasting
 + Level 5.2 Conjurations
 * Level 1.6 Hexes


You had 5 spell levels left.
You knew the following spells:

 Your Spells              Type           Power      Damage    Failure   Level
a - Magic Dart            Conj           92%        1d7       4%          1
b - Searing Ray           Conj           46%        2d6       6%          2

Your spell library contained the following spells:

 Spells                   Type           Power      Damage    Failure   Level
 Dazzling Flash           Conj/Hex       30%        N/A       26%         3
 Ensorcelled Hibernation  Hex/Ice        10%        N/A       36%         2
 Poisonous Vapours        Pois/Air       4%         N/A       47%         2
 Fulminant Prism          Conj/Hex       7%         3d7       65%         4
 Iskenderun's Mystic Bla  Conj/Tloc      12%        2d5       77%         4
 Ice Form                 Ice/Tmut       2%         N/A       98%         4


Dungeon Overview and Level Annotations

Branches:
Dungeon (4/15)
 Temple: D:4-7

Altars:
Gozag
Nemelex Xobeh
Sif Muna

Shops:
D:1 ?   D:2 !:([:


Innate Abilities, Weirdness & Mutations

You are immune to sickness and miasma.
Your stone body is resilient. (AC +4)
You are immune to poison.
You resist negative energy. (rN+)
You are resistant to electric shocks. (rElec)
You are resistant to unholy torment.
You are immune to petrification.


Message History

You hear the hiss of flowing sand.
There is an entrance to an ossuary on this level.
Hurry and find it before the portal is buried!
The ogre shouts!
You hear a shout! x2
There is a stone staircase leading up here.
Casting: Searing Ray (safe; 6% risk of failure)
Confirm with . or Enter, or press ? or * to list all spells.
Aiming: Searing Ray (safe; 6% risk of failure)
Press: ? - help, Shift-Dir - straight line, f - ogre
Aim: an ogre, wielding a +0 giant club (89% to hit)
The searing ray hits the ogre.
The ogre is lightly wounded. (Press . to maintain the ray.)
The searing ray hits the ogre!
The ogre is heavily wounded.
The ogre misses you.
A gnoll comes into view. It is wielding a +0 spear.
The searing ray misses the ogre.
The searing ray hits the gnoll.
The gnoll is heavily wounded.
You hear the slow hiss of an avalanche of sand nearby.
The ogre hits you with a +0 giant club!!
Ouch! That really hurt!
* * * LOW HITPOINT WARNING * * *
The searing ray hits the ogre.
The ogre is severely wounded.
The searing ray hits the gnoll.
The gnoll is heavily wounded.
You finish channelling your searing ray.
A gnoll comes into view. It is wielding a +0 halberd.
Unknown command.
Casting: Searing Ray (safe; 6% risk of failure)
Confirm with . or Enter, or press ? or * to list all spells.
Aiming: Searing Ray (safe; 6% risk of failure)
Press: ? - help, Shift-Dir - straight line, p - ogre The searing ray hits the ogre!
The ogre is almost dead.
The searing ray hits the gnoll.
You kill the gnoll! (Press . to maintain the ray.)
The ogre hits you with a +0 giant club!
You die...

***,* ***** ****#..** *,* ,**,*
*,,,*** **,,...,* *,* ,**,*
*,,,+,****,,...,,********,,
,**,*
*,,,**,,*,,,..,,,,,,,,,,,,,
,**,*
********,*,,.,**,**,,,,,,,,
,**,* *********,**,*****,,
,**,* *,,,#*,* *,, ,****
***#####...#*,*****,, ,*
*,,#@O)..g.g,,,,,,,,, ,*
**********,,#####...#********,
,***,,,,,,,,,,,**,,**,,# *,
,,,,,,,,,,,,,,,*,,,,*,,* *,
***,,,,,,,,,,***,⌠,_*,,* *,
*,*,*,*,*,,**,,,,,*,**** *,
*,,,>,,,,,,,*,,,,**,,,,* *,
*,*,,,,,*,,,+,,,⌠*****,*******,
*,,,,,,,,,,**,,,,**,,,,,,,>,,,,


You could see an ogre and 2 gnolls.

Vanquished Creatures
  Natasha (twice) (D:2)
  A gnoll (D:4)
  3 adders
  4 worms
  5 dart slugs
  10 ball pythons
  4 bats
  2 endoplasms
  3 giant cockroaches (D:3)
  A goblin (D:3)
  8 hobgoblins
  12 jackals
  2 quokkas (D:3)
  2 frilled lizards (D:3)
  11 kobolds
  4 rats
74 creatures vanquished.

Notes
Turn   | Place    | Note
-------+----------+-------------------------------------------
     0 | D:1      | Cykl0x the Gargoyle Conjurer began the quest for the Orb.
     0 | D:1      | Reached XP level 1. HP: 10/10 MP: 3/3
   187 | D:1      | Reached XP level 2. HP: 15/15 MP: 0/5
   372 | D:1      | Found Suqeakhle's Magic Scroll Shoppe.
   382 | D:1      | Learned a level 2 spell: Searing Ray
   664 | D:1      | Found a faded altar of an unknown god.
  1251 | D:1      | Reached XP level 3. HP: 20/20 MP: 3/6
  1564 | D:2      | Found a shimmering blue altar of Sif Muna.
  1627 | D:2      | Found Mifuozir's Book Shoppe.
  1730 | D:2      | Reached skill level 5 in Conjurations
  1860 | D:2      | Found Boqifon's Armour Emporium.
  1891 | D:2      | Noticed Natasha
  1925 | D:2      | Reached skill level 1 in Long Blades
  1940 | D:2      | Killed Natasha
  1941 | D:2      | Reached skill level 1 in Fighting
  1941 | D:2      | Reached skill level 1 in Armour
  1941 | D:2      | Reached skill level 1 in Hexes
  1941 | D:2      | Reached XP level 4. HP: 8/25 MP: 1/7
  2171 | D:2      | Found Toholeo's Weapon Emporium.
  2183 | D:2      | Got the Volume of Frigorific Envenoming
  2184 | D:2      | Noticed Natasha
  2476 | D:2      | Killed Natasha
  2634 | D:2      | Reached XP level 5. HP: 29/29 MP: 3/8
  2771 | D:2      | Found Isauwe Evown's Distillery.
  2777 | D:2      | Bought a potion of heal wounds for 70 gold pieces
  2889 | D:2      | Found Lesk's Book Shop.
  3316 | D:3      | Found an opulent altar of Gozag.
  3316 | D:3      | Found a sparkling altar of Nemelex Xobeh.
  4066 | D:4      | Noticed an ogre
  4071 | D:4      | Mangled by an ogre

Illustrated notes

Levels and vault maps discovered:
D:1:      dpeg_arrival_pits, layout_basic, nicolae_ecumenical_lake_church,
          serial_shops, shop
D:2:      cheibrodos_helix_gallery, layout_rooms, basic_altar, serial_shops,
          nicolae_shop_stone, shop, nicolae_lakefront_shop,
          nicolae_shop_hallway_stairs, nicolae_shop_stone, uniq_natasha
D:3:      layout_basic, grunt_temple_overflow_opulence, minmay_fractal_squares_5
D:4:      layout_loops_ring, gammafunk_temple_overflow_pools, enter_ossuary_1,
          serial_glass, glass_columns_b, glass_columns_b, st_stairs_2,
          hangedman_abyss_or_decor_slice, uniq_crazy_yiuf_cottage, uniq_pikel

Skill      XL: |  1  2  3 |
---------------+----------+-----
Conjurations   | 5 |  5.2
Long Blades    | 1 |  1.6
Fighting       | 1 |  1.5
Armour         | 1 |  1.9
Hexes          | 1 |  1.6
Short Blades   | |  0.4
Dodging        | |  1.7
Stealth        | |  2.1
Spellcasting   | |  2.3

Action                   |  1- 3 |  4- 6 || total
-------------------------+-------+-------++-------
Melee: Short sword       |    33 |       ||    33
       Long sword        |       |    27 ||    27
 Cast: Magic Dart        |    42 |    42 ||    84
       Searing Ray       |     8 |    14 ||    22
  Use: Scroll            |     3 |     7 ||    10
Armor: Robe              |     6 |       ||     6
       Leather armour    |     3 |       ||     3
       Ring mail         |     4 |    43 ||    47
Dodge: Dodged            |    25 |    45 ||    70
